AoeStats
← kV0t3

African Clearing

506724524Analyzed
3v3 RM · 17d ago on Sep 14, 2026· 45m 51s· 6 players
Game mode
Random Map
Map size
Normal (6 player)
Population
200
Speed
Normal
Resources
Standard
Victory
Conquest
Starting age
Dark Age
Ending age
Imperial Age
RankedLock teamsTeams togetherTeam positionsShared explorationLock speedFull tech treeHidden civsTurbo modeCheats
Victory
Defeat
🇸🇪 Hindustanis · Sweden
1445
+14
🇲🇽 Inca · Mexico
1336
+19
🇪🇸 Koreans · Spain
1294
+21
🇦🇷 Huns · Argentina
1420
-19
🇦🇷 Aztecs · Argentina
1390
-18
🇦🇷 Goths · Argentina
1381
-17
kV0t3
10:33 Loom
12:50 Feudal Age
16:31 Castle Age
15:49 Double-Bit Axe
15:57 Gold Mining
15:51 Horse Collar
18:38 Bow Saw
23:36 Heavy Plow
31:37 Sanctity
31:33 Fervor
31:50 Sanctity
31:41 Fervor
31:50 Fletching
33:30 Bodkin Arrow
35:05 Scale Mail Armor
36:58 Wheelbarrow
36:18 Gold Mining
37:22 Chain Mail Armor
37:17 Forging
43:30 Imperial Age
41:45 Pikeman
44:45 Conscription
44:36 Bracer
AlleN ★
8:52 Loom
14:11 Feudal Age
18:01 Castle Age
19:49 Scale Mail Armor
27:38 Eagle Warrior
37:23 Wheelbarrow
40:12 Chain Mail Armor
40:24 Arson
40:25 Gambesons
40:43 Squires
45:53 Double-Bit Axe
ZIZOU
11:16 Loom
13:01 Feudal Age
15:06 Double-Bit Axe
17:25 Castle Age
23:53 Bloodlines
24:34 Fletching
28:42 Husbandry
28:37 Horse Collar
33:57 Wheelbarrow
35:32 Bow Saw
36:32 Pikeman
38:19 Ballistics
43:27 Imperial Age
41:12 Gold Mining
41:58 Heavy Plow
42:16 Scale Mail Armor
42:16 Bodkin Arrow
43:56 Chain Mail Armor
43:49 Cavalier
44:53 Scale Barding Armor
46:29 Chain Barding Armor
Mr.Galleta
10:49 Loom
14:01 Feudal Age
14:05 Champi Runner
14:42 Town Watch
15:02 Double-Bit Axe
17:11 Arson
27:13 Horse Collar
27:33 Stone Mining
30:09 Gold Mining
37:11 Castle Age
38:16 Squires
37:37 Champi Warrior
38:22 Heavy Plow
38:33 Bow Saw
38:31 Town Patrol
38:25 Elite Skirmisher
38:56 Fletching
39:07 Padded Archer Armor
40:14 Wheelbarrow
40:27 Bodkin Arrow
Jardel
6:28 Loom
13:37 Feudal Age
18:33 Castle Age
17:07 Double-Bit Axe
19:08 Bloodlines
20:35 Bow Saw
20:59 Horse Collar
22:52 Gold Mining
23:35 Scale Barding Armor
26:31 Chain Barding Armor
26:33 Husbandry
28:00 Forging
29:25 Wheelbarrow
31:05 Iron Casting
37:42 Imperial Age
37:31 Heavy Plow
37:56 Heavy Camel Rider
39:12 Plate Barding Armor
41:10 Blast Furnace
40:06 Imperial Camel Rider
42:38 Fletching
46:33 Chemistry
Mbappe
3:29 Loom
14:19 Feudal Age
19:59 Castle Age
18:21 Horse Collar
20:56 Town Watch
21:46 Wheelbarrow
31:47 Fletching
32:57 Gold Mining
33:24 Bodkin Arrow
36:58 Double-Bit Axe
39:00 Gold Shaft Mining
38:15 Stone Mining
44:32 Imperial Age
42:50 Ballistics
43:37 Forging
43:33 Scale Barding Armor
44:55 Iron Casting
44:01 Light Cavalry
44:43 Husbandry
45:31 Hand Cart
46:32 Chemistry
46:01 Conscription
Connection lost

Rejoining the realm…

Still unreachable

The connection could not be restored.

Session expired

The server has moved on; the page needs a fresh start.